 Dungeon Crawl Stone Soup version 0.32-a0-960-g3814254bd7 (webtiles) character file.

Game seed: 16150303921761589063

16458 Shym the Destroyer (level 12, -4/72 HPs)
             Began as a Deep Elf Conjurer on Apr 16, 2024.
             Was a High Priest of Sif Muna.
             Killed from afar by a lindwurm (shapeshifter) (35 damage)
             ... with a blast of flame
             ... on level 11 of the Dungeon on Apr 17, 2024.
             The game lasted 01:22:45 (24007 turns).

Shym the Destroyer (Deep Elf Conjurer)             Turns: 24007, Time: 01:22:45

Health: -4/72      AC: 20    Str:  9    XL:     12   Next: 10%
Magic:  13/23      EV: 10    Int: 29    God:    Sif Muna [*****.]
Gold:   624        SH:  9    Dex: 13    Spells: 9/23 levels left

rFire   . . .        V - staff of Gallantry {Str+5 Stlth- Conj}
rCold   . . .        i - +0 buckler
rNeg    . . .        W - quicksilver dragon scales
rPois   .            (no helmet)
rElec   .            X - +2 cloak {Will+}
rCorr   .            f - +1 pair of gloves {Stlth+}
SInv    .            S - +0 pair of boots
Will    +++..        k - amulet of reflection
Stlth   ++           m - +4 ring of protection
HPRegen 0.32/turn    o - ring of flight
MPRegen 0.18/turn

%: reflection
@: flying
A: no striking features
a: Renounce Religion, Channel Magic, Forget Spell, Divine Exegesis


You were on level 11 of the Dungeon.
You worshipped Sif Muna.
Sif Muna was extremely pleased with you.
You visited 2 branches of the dungeon, and saw 12 of its levels.
You also visited: Bailey.

You collected 624 gold pieces.

Inventory:

Hand Weapons
 h - the +1 lajatang "Hydraslayer" {venom, ^Drain Will+ Str+4}
   (You took it off a spriggan in a bailey)

   Str+4:     It affects your strength (+4).
   Will+:     It increases your willpower.
   ^Drain:    It drains your maximum health when unequipped.
 I - a +1 vampiric dagger
Missiles
 r - 55 poisoned darts
 F - 4 javelins
 H - 3 throwing nets
 P - 4 boomerangs
 Z - 2 curare-tipped darts
Armour
 a - a +1 ring mail of fire resistance
 f - a +1 pair of gloves of stealth (worn)
 i - a +0 buckler (worn)
 S - a +0 pair of boots (worn)
 W - quicksilver dragon scales (worn)
 X - a +2 cloak of willpower (worn)
Magical Staves
 Q - a staff of alchemy
 V - the staff of Gallantry (weapon) {Str+5 Stlth- Conj}
   (You acquired it on level 9 of the Dungeon)

   [staff of conjuration]

   Base accuracy: +5 Base damage: 5 Base attack delay: 1.2 This weapon's minimum
   attack delay (0.6) is reached at skill level 12.
   Str+5:     It affects your strength (+5).
   Stlth-:    It makes you less stealthy.
   Conj:      It increases the power of your Conjurations spells.
   It falls into the 'Staves' category.
   It is a one-handed weapon.
Jewellery
 k - an amulet of reflection (around neck)
 m - a +4 ring of protection (left hand)
 o - a ring of flight (right hand)
 p - a ring of protection from cold
 w - a ring of magical power
 y - an amulet of the acrobat
 A - a ring of see invisible
 B - a +4 ring of protection
 E - a ring of willpower
 O - a ring of protection from cold
Wands
 e - a wand of polymorph (11)
 u - a wand of digging (1)
 D - a wand of quicksilver (4)
 N - a wand of paralysis (12)
 T - a wand of flame (15)
 Y - a wand of iceblast (6)
Scrolls
 d - 3 scrolls of butterflies
 g - 3 scrolls of poison
 n - a scroll of enchant armour
 s - a scroll of fear
 G - 4 scrolls of teleportation
 K - 2 scrolls of revelation
 L - 4 scrolls of blinking
 M - 2 scrolls of enchant weapon {unknown}
 U - 2 scrolls of vulnerability {unknown}
Potions
 b - a potion of magic
 c - 2 potions of lignification {unknown}
 j - 4 potions of brilliance
 l - 4 potions of mutation
 q - 8 potions of curing
 v - 2 potions of enlightenment
 x - 2 potions of attraction {unknown}
 z - a potion of heal wounds {unknown}
 C - 2 potions of might {unknown}
 J - 3 potions of ambrosia {unknown}
 R - a potion of berserk rage {unknown}


   Skills:
 - Level 7.0 Fighting
 - Level 2.0 Armour
 - Level 6.0 Dodging
 - Level 6.0 Stealth
 - Level 4.0 Shields
 - Level 6.0 Spellcasting
 - Level 12.0 Conjurations
 - Level 4.0 Translocations
 - Level 5.0 Alchemy
 - Level 8.0 Invocations
 + Level 7.5 Evocations


You had 9 spell levels left.
You knew the following spells:

 Your Spells              Type           Power      Damage    Failure   Level
f - Fulminant Prism       Conj/Alch      36%        3d18      7%          4
i - Iskenderun's Mystic   Conj/Tloc      70%        2d14      (+2d89%     4
m - Magic Dart            Conj           100%       1d8       1%          1
r - Searing Ray           Conj           100%       2d8       1%          2
t - Stone Arrow           Conj/Erth      100%       3d13      6%          3

Your spell library contained the following spells:

 Spells                   Type           Power      Damage    Failure   Level
 Static Discharge         Conj/Air       100%       3-8/arc   3%          2
 Volatile Blastmotes      Fire/Tloc      40%        2d13      30%         3
 Ensorcelled Hibernation  Hex/Ice        16%        N/A       34%         2
 Fugue of the Fallen      Necr           8%         N/A       56%         3
 Vhi's Electric Charge    Tloc/Air       40%        N/A       69%         4
 Airstrike                Air            4%         2d(1-17)  92%         4
 Anguish                  Hex/Necr       4%         N/A       92%         4
 Animate Armour           Summ/Erth      16%        N/A       92%         4
 Summon Lightning Spire   Summ/Air       8%         N/A       92%         4
 Gell's Gavotte           Tloc           15%        2d(18-27) 100%        6
 Seismic Cannonade        Alch/Erth      11%        6d6       100%        7
 Lehudib's Crystal Spear  Conj/Erth      30%        10d8      100%        8


Dungeon Overview and Level Annotations

Branches:
Dungeon (11/15)            Temple (1/1) D:7            Lair (0/5) D:8
    Orc (0/2) D:10         Bailey (visited)

Altars:
Ashenzari
Cheibriados
Dithmenos
Elyvilon
Fedhas
Gozag
Hepliaklqana
Kikubaaqudgha
Makhleb
Nemelex Xobeh
Okawaru
Qazlal
Ru
Sif Muna
Trog
Uskayaw
Vehumet
Wu Jian
Xom
Yredelemnul
Zin
The Shining One

Shops:
D:1 [:*:*

Annotations:
D:2 behind fire
D:6 3 runed translucent doors; behind wall, Konar's ghost, novice CoHu


Message History

The blast of flame hits you!!!
Ouch! That really hurt!
Slow down, check inventory and god!
* * * LOW HITPOINT WARNING * * *
Casting: Stone Arrow (dangerous; 6% risk of failure)
Confirm with . or Enter, or press ? or * to list all spells.
Okay, then.
Unknown command.
Search for what [Enter for "."]?
Okay, then.
Unknown command.
Search for what [Enter for "."]? rF+
Casting: Stone Arrow (dangerous; 6% risk of failure)
Confirm with . or Enter, or press ? or * to list all spells.
Aiming: Fulminant Prism (dangerous; 7% risk of failure)
Press: ? - help, Dir - move target, p - yak You feel a surge of power!
You conjure a prism of explosive energy!
A fulminant prism comes into view.
Unknown command.
Your fulminant prism crackles loudly.
Your fulminant prism explodes!
The blast of energy engulfs the lindwurm!
The lindwurm is moderately wounded.
The blast of energy engulfs the yak!!
You kill the yak!
Sif Muna accepts your kill.
You hear a shout! x2; You hear an angry hiss.
Casting: Fulminant Prism (dangerous; 7% risk of failure)
Confirm with . or Enter, or press ? or * to list all spells.
Aiming: Fulminant Prism (dangerous; 7% risk of failure)
Press: ? - help, Dir - move target You feel a surge of power!
You conjure a prism of explosive energy!
A fulminant prism comes into view.
Unknown command.
Your fulminant prism crackles loudly.
The lindwurm breathes flames at you. The blast of flame hits you!!
You die...

# ### .# .. #.# #.##..#
######....###### #.# .
.......@.......#. #.#
.# #######.##.#....
#.###.# # #.# ...
#.....#.. #.# ##.#
##..O.......####k###..#
#.............[..*....#
#............###....<.#
#.<.....$... #......#
##.Y....... #......#


You could see a lindwurm (catching breath, ally target) and a friendly fulminant
prism.

Vanquished Creatures
  A hydra (D:10)
  3 two-headed ogres
  Pikel (D:5)
  Maurice (D:10)
  Jeremiah (D:8)
  An unseen horror (D:9)
  2 kobold demonologists
  Psyche (D:9)
  2 trolls
  Grinder (D:6)
  2 dream sheep (D:10)
  5 spriggans (Bailey)
  2 wyverns
  23 yaks
  2 wraiths
  4 steam dragons
  Grum (D:9)
  An acid dragon (D:10)
  6 orc warriors
  2 ice beasts
  A sky beast (D:7)
  A black bear (D:4)
  5 ogres
  3 wolves
  2 centaurs
  7 kobold brigands
  2 bullfrogs
  2 scorpions
  16 wights
  16 killer bees
  5 spriggan skeletons (D:9)
  3 howler monkeys
  A troll skeleton (D:9)
  2 jellies
  10 orc priests
  4 bombardier beetles
  6 hounds
  Crazy Yiuf (D:6)
  4 iguanas
  13 orc wizards
  A sleepcap (D:4)
  21 gnolls (D:4)
  9 adders
  A shadow imp (D:5)
  A white imp (D:6)
  6 ufetubi
  2 ribbon worms (D:2)
  4 dart slugs
  66 orcs
  5 bats
  2 endoplasms
  A giant cockroach (D:2)
  6 goblins
  8 hobgoblins
  19 jackals
  5 quokkas
  8 ball pythons
  3 frilled lizards
  24 kobolds
  6 rats
364 creatures vanquished.

Vanquished Creatures (others)
  A spriggan (Bailey)
  An orc (D:9)
  123 fulminant prisms
125 creatures vanquished.

Grand Total: 489 creatures vanquished

Notes
Turn   | Place    | Note
-------+----------+-------------------------------------------
     0 | D:1      | Shym the Deep Elf Conjurer began the quest for the Orb.
     0 | D:1      | Reached XP level 1. HP: 10/10 MP: 6/6
   215 | D:1      | Reached skill level 1 in Fighting
   372 | D:1      | Found Osuuditz's Assorted Antiques.
   420 | D:1      | Reached XP level 2. HP: 16/16 MP: 5/8
   432 | D:1      | Learned a level 2 spell: Searing Ray
   582 | D:1      | Found Jules's Book Shoppe.
   693 | D:1      | Found Gentejoj's Assorted Antiques.
   842 | D:1      | Found Doamniem's Armour Shoppe.
   925 | D:1      | Found Exisacw's Book Shop.
  1277 | D:2      | Reached XP level 3. HP: 21/21 MP: 5/9
  1358 | D:2      | Found a shimmering blue altar of Sif Muna.
  1513 | D:2      | Became a worshipper of Sif Muna the Loreminder
  2225 | D:2      | Reached XP level 4. HP: 28/28 MP: 2/10
  2319 | D:2      | Learned a level 4 spell: Fulminant Prism
  3029 | D:3      | Reached * piety under Sif Muna
  3141 | D:3      | Reached skill level 5 in Conjurations
  3454 | D:3      | Identified the +0 robe "Akhlal" {Int+5}
  3472 | D:3      | Found a sacrificial altar of Ru.
  3503 | D:3      | Reached XP level 5. HP: 22/32 MP: 3/11
  3826 | D:4      | Identified a scroll of acquirement
  3988 | D:4      | Reached skill level 6 in Conjurations
  3988 | D:4      | Reached skill level 1 in Alchemy
  4211 | D:4      | Noticed a black bear
  4536 | D:4      | Reached XP level 6. HP: 15/37 MP: 7/12
  4820 | D:4      | Reached skill level 7 in Conjurations
  4832 | D:5      | Entered Level 5 of the Dungeon
  4999 | D:5      | Acquired a +1 pair of gloves of stealth
  5294 | D:5      | Reached skill level 8 in Conjurations
  5294 | D:5      | Reached XP level 7. HP: 34/41 MP: 0/13
  5299 | D:5      | Learned a level 4 spell: Iskenderun's Mystic Blast
  5538 | D:5      | Reached skill level 1 in Translocations
  6473 | D:4      | Identified the +1 chain mail of Otuemeug {rPois rC- Str+3}
  6848 | D:4      | Reached skill level 5 in Spellcasting
  7184 | D:4      | Reached ** piety under Sif Muna
  7737 | D:4      | Reached XP level 8. HP: 48/48 MP: 12/17
  8711 | D:5      | Reached *** piety under Sif Muna
  8961 | D:6      | Noticed Grinder
  9513 | D:6      | Reached skill level 5 in Fighting
  9513 | D:6      | Reached skill level 1 in Invocations
  9872 | D:6      | Found a runed translucent gate.
  9873 | D:6      | Found a runed translucent gate.
  9873 | D:6      | Found a runed translucent gate.
  9874 | D:6      | Noticed Konar's ghost (novice CoHu)
  9894 | D:6      | Found an opulent altar of Gozag.
  9933 | D:6      | Noticed Pikel
  9993 | D:5      | Killed Pikel
  9994 | D:5      | Reached skill level 5 in Invocations
  9994 | D:5      | Reached XP level 9. HP: 31/54 MP: 1/18
 10343 | D:6      | Found a runed translucent door.
 10344 | D:6      | Noticed Crazy Yiuf
 10350 | D:6      | Killed Crazy Yiuf
 10505 | D:6      | Found a glowing silver altar of Zin.
 10639 | D:6      | Reached skill level 9 in Conjurations
 11125 | D:6      | Killed Grinder
 11988 | D:7      | Reached skill level 10 in Conjurations
 12454 | D:7      | Found a staircase to the Ecumenical Temple.
 12462 | Temple   | Entered the Ecumenical Temple
 12691 | D:8      | Noticed Jeremiah
 12729 | D:8      | Found a flagged portal.
 12752 | Bailey   | Entered a bailey
 12753 | Bailey   | Upgraded the game from 0.32-a0-953-g508020473e to
                  | 0.32-a0-960-g3814254bd7
 12935 | Bailey   | Reached **** piety under Sif Muna
 12936 | Bailey   | Reached XP level 10. HP: 59/59 MP: 6/19
 13126 | Bailey   | Reached skill level 5 in Dodging
 13194 | Bailey   | Identified the +1 lajatang "Hydraslayer" {venom, ^Drain
                  | Will+ Str+4}
 13534 | Bailey   | Noticed a two-headed ogre
 13539 | Bailey   | Killed a two-headed ogre
 13540 | Bailey   | Reached skill level 1 in Armour
 13540 | Bailey   | Reached skill level 5 in Stealth
 13610 | Bailey   | Identified the +6 scimitar of Brutal Revenge {heavy, rN+
                  | Int+4}
 13610 | Bailey   | Identified the +3 fire dragon scales of Impressiveness
                  | {rF++ rC- rN+}
 14159 | D:8      | Killed Jeremiah
 14564 | D:8      | Found a burning altar of Makhleb.
 14838 | D:8      | Found a staircase to the Lair.
 14961 | D:8      | Reached skill level 5 in Alchemy
 15799 | D:8      | Reached XP level 11. HP: 66/66 MP: 9/22
 16112 | D:9      | Acquired the staff of Gallantry {Str+5 Stlth- Conj}
 16764 | D:9      | Reached skill level 1 in Shields
 16764 | D:9      | Reached skill level 11 in Conjurations
 16797 | D:9      | Noticed Psyche
 16800 | D:9      | Killed Psyche
 17208 | D:9      | Noticed Grum
 17216 | D:8      | Reached ***** piety under Sif Muna
 18812 | D:9      | Killed Grum
 19899 | D:10     | Entered Level 10 of the Dungeon
 19943 | D:10     | Noticed a two-headed ogre
 19950 | D:10     | Killed a two-headed ogre
 20238 | D:10     | Noticed a two-headed hydra
 20257 | D:10     | Killed a two-headed hydra
 20258 | D:10     | Reached skill level 12 in Conjurations
 20258 | D:10     | Reached skill level 1 in Evocations
 20371 | D:10     | Learned a level 3 spell: Stone Arrow
 20687 | D:10     | Noticed Maurice
 20693 | D:10     | Killed Maurice
 21442 | D:10     | Found a bloodstained altar of Trog.
 21442 | D:10     | Found a snail-covered altar of Cheibriados.
 21454 | D:10     | Reached skill level 5 in Evocations
 22370 | D:10     | Found a staircase to the Orcish Mines.
 22656 | D:10     | Noticed a two-headed ogre
 23092 | D:10     | Killed a two-headed ogre
 23310 | D:11     | Received a gift from Sif Muna
 23311 | D:11     | Reached XP level 12. HP: 72/72 MP: 11/23
 23612 | D:11     | Noticed a two-headed ogre
 24007 | D:11     | Killed from afar by a lindwurm (shapeshifter)

Illustrated notes

Levels and vault maps discovered:
D:1:      minmay_arrival_four_houses, layout_loops_ring, serial_shops,
          nicolae_shop_tiny_statue_garden, shop, nicolae_shop_window_shopping,
          shop, shop, st_stairs_6
D:2:      layout_loops_corners, basic_altar,
          nicolae_concentric_dashed_squares_wild, lemuel_flame_loot_1
D:3:      layout_rooms, mainiacjoe_overflow_alcove_2
D:4:      lemuel_castle_with_subvaults [lemuel_castle_interior_carwin_1],
          layout_basic, serial_corexii_hall, corexii_hall_statues_l,
          corexii_hall_statues_i
D:5:      layout_loops_cross, grunt_ministairs_1
D:6:      layout_loops_ring, pdpol_temple_overflow_zin_treasury_gozag_greed,
          ebering_ghost_rock_garden, serial_rivers,
          chequers_serial_rivers_room_a, chequers_serial_rivers_room_b,
          chequers_serial_rivers_micro_c, chequers_serial_rivers_small_3,
          kennysheep_decorative_pillar, grunt_ministairs_6,
          uniq_crazy_yiuf_cottage, uniq_grinder, uniq_pikel
D:7:      layout_cave_pools, minmay_temple_entry_junction
D:8:      layout_basic, mainiacjoe_overflow_boulevard, lair_entry_dummy,
          enter_bailey_2, uniq_jeremiah
D:9:      layout_irregular_city, hangedman_tell_no_tales, uniq_psyche, uniq_grum
D:10:     layout_grid_maze, chequers_temple_overflow_statue_of_worship,
          david_orc_4, grunt_ogre_cave, nrook_pool_corridor, hangedman_ranch,
          uniq_maurice
D:11:     minmay_distorted_concentric_squares, layout_rooms
Temple:   compressed_dpeg_triangle_lava_temple

Skill      XL: |  1  2  3  4  5  6  7  8  9 10 11 12 |
---------------+-------------------------------------+-----
Fighting       | 1 2 3 4 5 6 7 |  7.0
Conjurations   | 5 6 8 10 12 | 12.0
Alchemy        | 2 3 4 5 |  5.0
Translocations | 2 3 4 |  4.0
Spellcasting   | 5 6 |  6.0
Stealth        | 3 4 6 |  6.0
Invocations    | 5 8 |  8.0
Dodging        | 4 6 |  6.0
Armour         | 2 |  2.0
Shields        | 4 |  4.0
Evocations     | 6 7 |  7.5

Action                     |  1- 3 |  4- 6 |  7- 9 | 10-12 || total
---------------------------+-------+-------+-------+-------++-------
  Melee: Whip              |     7 |     1 |       |       ||     8
         Dagger            |       |     1 |    32 |       ||    33
         Staff             |       |       |       |    43 ||    43
   Cast: Magic Dart        |    54 |    66 |    99 |    53 ||   272
         Searing Ray       |    14 |    16 |    69 |    54 ||   153
         Fulminant Prism   |       |     5 |    29 |    90 ||   124
         Iskenderun's Myst |       |       |     2 |     9 ||    11
         Stone Arrow       |       |       |       |    22 ||    22
 Invoke: Channel Magic     |       |       |       |     1 ||     1
    Use: Scroll            |     1 |     7 |     3 |     6 ||    17
 Armour: Robe              |    17 |    10 |    66 |     7 ||   100
         Steam dragon scal |       |       |       |    31 ||    31
         Quicksilver drago |       |       |       |    64 ||    64
  Dodge: Dodged            |     6 |     8 |   130 |    61 ||   205
  Block: Other             |       |     2 |     1 |     8 ||    11
         Buckler           |       |       |       |    41 ||    41
         Reflection        |       |       |       |     6 ||     6

Table legend: (Time is in decaauts)
 A = Elapsed time spent in this place.
 B = Non-inter-level travel time spent in this place.
 C = Inter-level travel time spent in this place.
 D = Time resting spent in this place.
 E = Time spent auto-exploring this place.
 F = Levels seen in this place.
 G = Mean time per level.
                   A        B        C        D        E       F      G
               +--------+--------+--------+--------+--------+-----+--------+
         Total |  24031 |  23189 |    842 |  11817 |   7911 |  13 | 1848.5 |
       Dungeon |  22705 |  21863 |    842 |  10807 |   7896 |  11 | 2064.1 |
        Temple |      1 |      1 |      0 |      0 |      0 |   1 |    1.0 |
        Bailey |   1324 |   1324 |      0 |   1010 |     15 |   1 | 1324.0 |
               +--------+--------+--------+--------+--------+-----+--------+

Top non-repeatable levels by time:
    D:10: 3952 daAuts
     D:4: 3209 daAuts
     D:8: 3005 daAuts
     D:9: 2994 daAuts
     D:6: 2301 daAuts
     D:5: 2142 daAuts
     D:2: 1655 daAuts
  Bailey: 1324 daAuts
     D:1: 1294 daAuts
     D:7: 1095 daAuts
     D:3: 983 daAuts
    D:11: 70 daAuts
  Temple: 1 daAuts
